 Dungeon Crawl Stone Soup version 0.30-a0-359-gd0147acb1a (webtiles) character file.

Game seed: 12658869333961921670

1 LnG the Caller (level 1, -1/10 HPs)
             Began as a Kobold Summoner on Nov 12, 2022.
             Slain by a giant cockroach (2 damage)
             ... on level 1 of the Dungeon.
             The game lasted 00:00:55 (210 turns).

LnG the Caller (Kobold Summoner)                     Turns: 210, Time: 00:00:55

Health: -1/10      AC:  2    Str:  5    XL:     1   Next: 22%
Magic:  0/3        EV: 15    Int: 16    God:
Gold:   45         SH:  0    Dex: 15    Spells: 3/4 levels left

rFire   . . .      SeeInvis .    e - +0 short sword
rCold   . . .      Faith    .    (no shield)
rNeg    . . .      Spirit   .    a - +0 robe
rPois   .          Reflect  .    (no helmet)
rElec   .          Harm     .    (no cloak)
rCorr   .          Rampage  .    (no gloves)
Will    .....                    (no boots)
Stlth   +++.......               (no amulet)
HPRegen 0.21/turn                (no ring)
MPRegen 0.08/turn                (no ring)

@: no status effects
A: small, no large weapons, nightstalker 3
a: no special abilities


You were on level 1 of the Dungeon.
You visited 1 branch of the dungeon, and saw 1 of its levels.

You collected 45 gold pieces.

Inventory:

Hand Weapons
 e - a +0 short sword (weapon)
Armour
 a - a +0 robe (worn)
Scrolls
 c - a scroll of noise {unknown}
 d - a scroll of summoning {unknown}
Potions
 b - a potion of magic


   Skills:
 * Level 2.4 Dodging
 * Level 2.7 Stealth
 + Level 2.2 Spellcasting
 + Level 4.0 Summonings


You had 3 spell levels left.
You knew the following spells:

 Your Spells              Type           Power      Damage    Failure   Level
a - Summon Small Mammal   Summ           56%        N/A       3%          1

Your spell library contained the following spells:

 Spells                   Type           Power      Damage    Failure   Level
 Call Imp                 Summ           14%        N/A       6%          2
 Call Canine Familiar     Summ           14%        N/A       12%         3
 Summon Guardian Golem    Hex/Summ       8%         N/A       26%         3
 Summon Lightning Spire   Summ/Air       8%         N/A       65%         4


Dungeon Overview and Level Annotations

Branches:
Dungeon (1/15)

Altars:


Innate Abilities, Weirdness & Mutations

You are small and have problems with some larger weapons.
You are completely attuned to the shadows.


Message History

The giant cockroach completely misses you.
The goblin hits you with a +0 club.
* * * LOW HITPOINT WARNING * * *
The hobgoblin hits you but does no damage.
You swap places.
The giant cockroach closely misses you.
The goblin hits your rat with a +0 club.
The hobgoblin hits your rat.
Your rat dies!
Your rat's corpse disappears in a puff of smoke!
Your rat bites the giant cockroach but does no damage.
Unknown command.
The giant cockroach attacks as you move away!
The giant cockroach barely misses you.
The giant cockroach barely misses your rat. x2
Your rat bites the giant cockroach but does no damage.
Unknown command.
The hobgoblin hits your rat.
Your rat dies!
Your rat's corpse disappears in a puff of smoke!
Casting: Summon Small Mammal (safe; 3% risk of failure)
Confirm with . or Enter, or press ? or * to list all spells.
The goblin attacks as you move away! The goblin barely misses you.
Unknown command.
Casting: Summon Small Mammal (safe; 3% risk of failure)
Confirm with . or Enter, or press ? or * to list all spells.
You don't know that spell.
Casting: Summon Small Mammal (safe; 3% risk of failure)
Confirm with . or Enter, or press ? or * to list all spells.
You don't know that spell.
You barely miss the goblin. The giant cockroach barely misses you.
The goblin hits you with a +0 club.
* * * LOW HITPOINT WARNING * * *
The giant cockroach completely misses you.
You hit the goblin.
The goblin is moderately wounded.
The goblin misses you. The giant cockroach barely misses you.
Your rat bites the giant cockroach.
The giant cockroach attacks as you move away!
The giant cockroach bites you.
You die...

##### #.(.#
.......#########...#
.......##..........#
.....................#
......................#
.......g@......).......##
.......#Bg.......######..
.......r.##......# #..
......#.....##.##### #..
.....>.........# #8# #..
..#####...#.#### #.# #..
..?.##.### ###.### ###$
.... ###.....###
.##..#.##..(......#


You could see a giant cockroach, a hobgoblin, a goblin (ally target) and a
friendly rat (summoned).

Vanquished Creatures
  A goblin (D:1)
1 creature vanquished.

Notes
Turn   | Place    | Note
-------+----------+-------------------------------------------
     0 | D:1      | LnG the Kobold Summoner began the quest for the Orb.
     0 | D:1      | Reached XP level 1. HP: 10/10 MP: 3/3
   210 | D:1      | Slain by a giant cockroach

Illustrated notes

Levels and vault maps discovered:
D:1:      psy_arrival_heroes, layout_basic, serial_shops, shop_statue

Action                   || total
-------------------------++-------
Melee: Short sword       ||     8
 Cast: Summon Small Mamm ||     3
Armor: Robe              ||     1
Dodge: Dodged            ||    18

Table legend: (Time is in decaauts)
 A = Elapsed time spent in this place.
 B = Non-inter-level travel time spent in this place.
 C = Inter-level travel time spent in this place.
 D = Time resting spent in this place.
 E = Time spent auto-exploring this place.
 F = Levels seen in this place.
 G = Mean time per level.
                   A        B        C        D        E       F      G
               +--------+--------+--------+--------+--------+-----+--------+
         Total |    209 |    209 |      0 |      0 |    143 |   1 |  209.0 |
       Dungeon |    209 |    209 |      0 |      0 |    143 |   1 |  209.0 |
               +--------+--------+--------+--------+--------+-----+--------+

Top non-repeatable levels by time:
     D:1: 209 daAuts
